 Dungeon Crawl Stone Soup version 0.29-a0-838-g385bb11a5b (webtiles) character file.

Game seed: 13544960917510689994

9 zeratav the Stinger (level 2, 0/17 HPs)
             Began as an Octopode Venom Mage on July 13, 2022.
             Slain by a kobold
             ... wielding a +0 dagger
              (2 damage)
             ... on level 1 of the Dungeon.
             The game lasted 00:00:25 (676 turns).

zeratav the Stinger (Octopode Venom Mage)            Turns: 676, Time: 00:00:26

Health: 0/17       AC:  1    Str:  7    XL:     2   Next: 16%
Magic:  5/5        EV: 13    Int: 17    God:
Gold:   19         SH:  0    Dex: 12    Spells: 4/5 levels left

rFire   . . .      SeeInvis .   b - +0 club {mace}
rCold   . . .      Faith    .   (no shield)
rNeg    . . .      Spirit   .   (helmet restricted)
rPois   .          Reflect  .   (no amulet)
rElec   .          Harm     .   (no ring)
rCorr   .          Rampage  .   (no ring)
Will    .....                   (no ring)
Stlth   +++.......              (no ring)
HPRegen 0.05/turn               (no ring)
MPRegen 0.09/turn               (no ring)
                                (no ring)
                                (no ring)

@: no status effects
A: almost no armour, amphibious, 8 rings, camouflage 1, gelatinous body 1,
(nimble swimmer 1), tentacles
a: no special abilities


You were on level 1 of the Dungeon.
You visited 1 branch of the dungeon, and saw 1 of its levels.

You collected 19 gold pieces.


Innate Abilities, Weirdness & Mutations

You cannot wear most types of armour.
You are amphibious.
You can wear up to eight rings at the same time.
Your skin changes colour to match your surroundings (Stealth+).
Your rubbery body absorbs attacks. (AC +1, EV +1)
((You are camouflaged when in or above water. (Stealth+)))
You have tentacles for arms and can constrict up to eight enemies at once.


   Skills:
 - Level 2.0 Dodging
 + Level 3.4 Stealth
 - Level 2.0 Spellcasting
 - Level 1.0 Transmutations
 + Level 4.0 Poison Magic


You had 4 spell levels left.
You knew the following spells:

 Your Spells              Type           Power      Damage    Failure   Level
a - Sting                 Tmut/Pois      40%        1d5       7%          1

Your spell library contained the following spells:

 Spells                   Type           Power      Damage    Failure   Level
 Poisonous Vapours        Pois/Air       16%        N/A       13%         2
 Mephitic Cloud           Conj/Pois/Air  6%         N/A       32%         3
 Olgreb's Toxic Radiance  Pois           15%        N/A       36%         4

Inventory:

Hand Weapons
 b - a +0 club (weapon) {mace}
   (You took it off a goblin on level 1 of the Dungeon)
Jewellery
 c - a ring of ice
   (You found it on level 1 of the Dungeon)
Potions
 a - a potion of magic

Dungeon Overview and Level Annotations

Branches:
Dungeon (1/15) Zot: 5317

Altars:

######## ........#
#......# .......#
#......# # ......
#......# # #....#
#......#### ##
#....####.........#
#..##b.b........#####..
.##........###.#...#
###
.......@...#...###.#
..!...K....#.## #.#
#..........(.#####.###
##..........#..^.....#
##......#.##.....##...#
##.#####.##....)# ##.#
#. #.##.....# . #.
#........# #...#.....#


You could see 2 bats and a kobold.


Message History

HP[+6] MP[+2]
You now have 17 max hp (+6).
Your hp is fully restored (17).
Your mp is fully restored (5).
Things that are here:
a +0 whip {mace}; a stone {throwing}; a kobold corpse The bat closely misses you. x2
You hit the bat. Your grab misses the bat. The bat closely misses you.
You closely miss the bat. Your grab misses the bat.
Your squeeze misses the bat. The bat barely misses you.
The bat barely misses you. The bat misses you. The bat hits you.
HP[-1]
You take 1 damage, and now have 16/17 hp.
You hit the bat. Your grab misses the bat. The bat misses you.
The bat hits you.
HP[-1]
You take 1 damage, and now have 15/17 hp.
You hit the bat.
You kill the bat!
Your Poison Magic skill increases to level 4!
No target in view!
No target in view!
No target in view!
No target in view!
A quokka comes into view.
HP[+2]
Your hp is fully restored (17).
A quokka is nearby!
A quokka is nearby!
You see here 3 stones {throwing}.
A kobold comes into view. It is wielding a +0 dagger.
The helpless quokka fails to defend itself.
You hit the quokka but do no damage. Your grab misses the quokka.
You squeeze the quokka.
The kobold shouts!
A bat comes into view.
The quokka bites you.
An endoplasm comes into view.
The kobold throws a stone.
The stone closely misses you. The quokka closely misses you.
You closely miss the quokka.
The endoplasm quivers.
You grab the quokka. You constrict the quokka.
You kill the quokka!
The kobold throws a stone.
The stone hits you but does no damage. The bat hits you.
HP[-4]
You take 4 damage, and now have 13/17 hp.
MASSIVE DAMAGE!! (PAUSE)
The bat barely misses you.
A bat comes into view.
The bat hits you but does no damage. The endoplasm freezes you.
You are frozen.
The bat closely misses you.
HP[-1]
You take 1 damage, and now have 12/17 hp.
You hit the endoplasm. The bat hits you but does no damage.
The endoplasm closely misses you. The kobold misses you.
The endoplasm closely misses you. The kobold misses you.
The bat hits you but does no damage. The bat closely misses you.
You hit the endoplasm but do no damage. The bat hits you but does no damage.
The bat hits you. The bat misses you. The endoplasm closely misses you.
The kobold closely misses you.
HP[-1]
You take 1 damage, and now have 11/17 hp.
You hit the endoplasm but do no damage. The bat closely misses you.
The bat misses you. The bat closely misses you. The bat barely misses you. x2
The bat closely misses you. The endoplasm freezes you.
You are frozen.
* * * LOW HITPOINT WARNING * * *
The kobold hits you with a +0 dagger.
* * * LOW HITPOINT WARNING * * *
You are too injured to fight recklessly!
You are too injured to fight recklessly!
You are too injured to fight recklessly!
HP[-6]
You take 6 damage, and now have 5/17 hp.
MASSIVE DAMAGE!! (PAUSE)
You are too injured to fight recklessly!
You are too injured to fight recklessly!
You hit the endoplasm but do no damage. The bat hits you but does no damage.
The bat misses you.
The endoplasm hits you but does no damage.
The kobold closely misses you. The bat barely misses you.
You barely miss the endoplasm. The bat closely misses you. x2
The endoplasm hits you.
* * * LOW HITPOINT WARNING * * *
The kobold closely misses you. The bat closely misses you.
The endoplasm freezes you.
You are frozen.
* * * LOW HITPOINT WARNING * * *
The kobold misses you.
You hit the endoplasm. You squeeze the endoplasm.
You kill the endoplasm!
The bat misses you. The bat closely misses you. The bat hits you.
* * * LOW HITPOINT WARNING * * *
The kobold hits you with a +0 dagger.
You die...

Skill      XL: |  1  2 |
---------------+-------+-----
Stealth        | 3 |  3.4
Poison Magic   | 4 |  4.0
Dodging        | |  2.0
Spellcasting   | |  2.0
Transmutations | |  1.0

Action                   || total
-------------------------++-------
Melee: Club              ||    20
       Tentacles         ||     4
       Constrict         ||     3
       Unarmed           ||     1
 Cast: Sting             ||     7
 Stab: Sleeping          ||     2
Armor: Skin              ||     7
Dodge: Dodged            ||    43

Levels and vault maps discovered:
D:1:      saegor_arrival_simple_a, layout_rooms,
          hellmonk_ecumenical_altar_arch_garden, serial_shops, shop,
          minmay_misc_feat_five, minmay_pentomino_u2

Notes
Turn   | Place    | Note
-------+----------+-------------------------------------------
     0 | D:1      | zeratav the Octopode Venom Mage began the quest for the
                  | Orb.
     0 | D:1      | Reached XP level 1. HP: 11/11 MP: 3/3
     0 | D:1      | magus.rc [v1.9.6]
   211 | D:1      | HP: 2/11 [endoplasm (2)]
   214 | D:1      | Reached skill level 3 in Stealth
   615 | D:1      | Reached XP level 2. HP: 17/17 MP: 5/5
   624 | D:1      | Reached skill level 4 in Poison Magic
   675 | D:1      | HP: 4/17 [endoplasm (2)]
   676 | D:1      | Slain by a kobold

Vanquished Creatures
  A bat (D:1)
  2 endoplasms (D:1)
  A goblin (D:1)
  A hobgoblin (D:1)
  A kobold (D:1)
  2 quokkas (D:1)
8 creatures vanquished.

Table legend:
 A = Non-vault XP
 B = Vault XP
 C = Vault XP percentage of total XP
 D = Non-vault monster count
 E = Vault monster count
 F = Vault count percentage of total count
                 A         B        C        D         E       F
            +---------+---------+-------+---------+---------+-------
      Total |      14 |       2 |  12.5 |       7 |       1 |  12.5
            +---------+---------+-------+---------+---------+-------
        D:1 |      14 |       2 |  12.5 |       7 |       1 |  12.5
            +---------+---------+-------+---------+---------+-------

Illustrated notes

Table legend:
 A = Kills in this place as a percentage of kills in entire the game.
 B = Kills by you in this place as a percentage of kills by you in the entire game.
 C = Kills by friends in this place as a percentage of kills by friends in the entire game.
 D = Other kills in this place as a percentage of other kills in the entire game.
 E = Experience gained in this place as a percentage of experience gained in the entire game.
 F = Experience gained in this place divided by the number of levels of this place that you have seen.
                   A       B       C       D       E      F
               +-------+-------+-------+-------+-------+----------------------
         Total | 100.0 | 100.0 |   N/A |   N/A | 100.0 |  16.0
       Dungeon | 100.0 | 100.0 |   N/A |   N/A | 100.0 |  16.0
               +-------+-------+-------+-------+-------+----------------------

Table legend: (Time is in decaauts)
 A = Elapsed time spent in this place.
 B = Non-inter-level travel time spent in this place.
 C = Inter-level travel time spent in this place.
 D = Time resting spent in this place.
 E = Time spent auto-exploring this place.
 F = Levels seen in this place.
 G = Mean time per level.
                   A        B        C        D        E       F      G
               +--------+--------+--------+--------+--------+-----+--------+
         Total |    681 |    681 |      0 |      0 |    607 |   1 |  681.0 |
       Dungeon |    681 |    681 |      0 |      0 |    607 |   1 |  681.0 |
               +--------+--------+--------+--------+--------+-----+--------+

Top non-repeatable levels by time:
     D:1: 681 daAuts
